 Dungeon Crawl Stone Soup version 0.31-a0-949-g57150269e1 (webtiles) character file.

Game seed: 18164506411352196383

996 avis the Changeling (level 7, -3/31 HPs)
             Began as a Felid Artificer on Oct 21, 2023.
             Shot with an arrow by a centaur (13 damage)
             ... on level 5 of the Dungeon.
             The game lasted 00:32:26 (4738 turns).

avis the Changeling (Felid Artificer)               Turns: 4738, Time: 00:32:27

Health: -3/31      AC:  2    Str: 22    XL:     7   Next: 99%
Magic:  8/8        EV: 20    Int: 13    God:
Gold:   217        SH:  0    Dex: 16    Spells: 5/6 levels left
                                        Lives:  0   Deaths: 3

rFire   . .          .
                       - Unarmed
rCold   . . .        (shield unavailable)
rNeg    . . .        (body armour unavailable)
rPois   .            (helmet unavailable)
rElec   .            (cloak unavailable)
rCorr   .            (gloves unavailable)
SInv    +            (boots unavailable)
Will    +....        s - amulet of magic regeneration
Stlth   +            k - +6 ring of strength
HPRegen 0.25/turn    v - +6 ring of strength
MPRegen 0.51/turn

%: no passive effects
@: flux-form, glowing, quick
A: glow, contaminating, very small, claws 1, fangs 3, see invisible, speed 1,
shaggy fur 2, stealthy paws, no weapons or thrown items, no armour, multi-lived
a: Begin Untransformation


You were on level 5 of the Dungeon.
You were something dangerously unstable.
You visited 2 branches of the dungeon, and saw 6 of its levels.

You collected 217 gold pieces.

Inventory:

Jewellery
 k - a +6 ring of strength (left paw)
 r - a ring of resist corrosion
 s - an amulet of magic regeneration (around neck)
 v - a +6 ring of strength (right paw)
Talismans
 f - a flux talisman (active)
 l - a blade talisman
Wands
 a - a wand of flame (2) (quivered)
 b - a wand of charming (9)
 c - a wand of iceblast (1)
Scrolls
 e - a scroll of poison {unknown}
 h - 4 scrolls of teleportation
 j - a scroll of fog
 n - a scroll of immolation {unknown}
 o - a scroll of vulnerability {unknown}
 t - a scroll of noise {unknown}
Potions
 m - a potion of attraction {unknown}
 p - 2 potions of magic
 q - 2 potions of enlightenment {unknown}


   Skills:
 * Level 3.7 Fighting
 - Level 6.0 Dodging
 - Level 1.3 Stealth
 - Level 2.0 Unarmed Combat
 - Level 3.2 Evocations
 - Level 7.0 Shapeshifting


You had 5 spell levels left.
You knew the following spells:

 Your Spells              Type           Power      Damage    Failure   Level
a - Slow                  Hex            0%         N/A       30%         1

Your spell library contained the following spells:

 Spells                   Type           Power      Damage    Failure   Level
 Necrotise                Necr           0%         1d4       30%         1
 Cigotuvi's Dreadful Rot  Necr/Pois/Air  0%         N/A       43%         2
 Confusing Touch          Hex            0%         N/A       67%         3
 Sigil of Binding         Hex            0%         N/A       67%         3
 Vampiric Draining        Necr           0%         2d6       67%         3
 Dispel Undead            Necr           0%         3d6       97%         4
 Agony                    Necr           0%         N/A       100%        5
 Death Channel            Necr           0%         N/A       100%        6


Dungeon Overview and Level Annotations

Branches:
Dungeon (5/15)             Temple (1/1) D:4

Altars:
Ashenzari
Cheibriados
Dithmenos
Elyvilon
Makhleb
Nemelex Xobeh
Okawaru
Qazlal
Ru
Sif Muna
Trog
Uskayaw
Vehumet
Wu Jian
Xom
Yredelemnul
Zin


Innate Abilities, Weirdness & Mutations

You are something dangerously unstable.
You glow with magical radiation, making you easy to see and hit.
Foes you strike become dangerously contaminated with magical radiation.
You have sharp claws.
You have razor-sharp teeth.
You have supernaturally acute eyesight. (SInv)
You cover ground quickly. (Speed+)
You are covered in thick fur. (AC +2)
Your paws help you pounce on unaware monsters.
You are incapable of wielding weapons or throwing items.
You cannot wear armour.
You gain extra lives every three experience levels.


Message History

You kill the hornet!
Training target 7.0 for Shapeshifting reached!
Your Shapeshifting skill increases to level 7!
You need to enable at least one skill for training.
Training target 2.0 for Unarmed Combat reached!
Your Unarmed Combat skill increases to level 2!
You need to enable at least one skill for training.
You start resting.
You feel yourself speed up.
You start resting.
HP restored.
You see here a hornet corpse.
The ogre shouts!
You scratch the ogre.
The ogre begins to glow.
You bite the ogre.
The ogre is moderately wounded.
The ogre hits you with a +0 giant club!!
Ouch! That really hurt!
* * * LOW HITPOINT WARNING * * *
You scratch the ogre.
The ogre glows dangerously bright.
The ogre is moderately wounded.
You scratch the ogre but do no damage.
The ogre shudders as magic cascades through it.
The ogre twists and deforms.
You bite the ogre.
The ogre is heavily wounded.
The ogre barely misses you.
You completely miss the ogre.
The ogre is heavily wounded.
The ogre misses you.
You barely miss the ogre.
The ogre is heavily wounded.
The centaur shouts!
You scratch the ogre.
The ogre begins to glow.
You bite the ogre.
The ogre is almost dead.
The ogre barely misses you.
You scratch the ogre.
You kill the ogre!
The centaur wields a +0 shortbow.
The centaur shoots an arrow.
The arrow closely misses you.
The centaur shoots an arrow.
The arrow hits you!
You die...

..# #....#.####...###
.. #...#........#...#
..
#...#.....#.##...#.#
.
#..###.>####.....#.##
#..# ##..##.........
..## #...†.# ..# ...
#.#.#.# ..## . ###.
#####.###...#.. #
#..p#.......
#........... ##
###.$).......### #.
#.......c....#.. ..
.................. #
##.##.............# #
.. ###..####.....###
... #..###........
##. .....#.......


You could see a centaur.

Vanquished Creatures
  A hornet (D:5)
  A black bear (D:3)
  An ogre (D:5)
  A bullfrog (D:4)
  A scorpion (D:4)
  A howler monkey (D:4)
  2 hounds
  2 jellies (D:4)
  2 orc priests (D:4)
  An orc wizard (D:4)
  2 gnolls (D:4)
  4 adders
  A worm (D:3)
  A dart slug (D:1)
  11 orcs
  5 ball pythons
  2 bats
  5 endoplasms
  2 giant cockroaches
  11 hobgoblins
  6 jackals (D:2)
  4 quokkas
  2 frilled lizards
  6 goblins
  7 kobolds
  6 rats
88 creatures vanquished.

Vanquished Creatures (collateral kills)
  A water moccasin (D:5)
  An iguana (D:5)
  2 adders (D:5)
  3 orcs (D:4)
7 creatures vanquished.

Vanquished Creatures (others)
  A gnoll (D:4)
1 creature vanquished.

Grand Total: 96 creatures vanquished

Notes
Turn   | Place    | Note
-------+----------+-------------------------------------------
     0 | D:1      | avis the Felid Artificer began the quest for the Orb.
     0 | D:1      | Reached XP level 1. HP: 9/9 MP: 2/2
   285 | D:1      | Reached XP level 2. HP: 8/13 MP: 3/3
   412 | D:1      | Reached skill level 1 in Unarmed Combat
   704 | D:1      | Learned a level 1 spell: Slow
   721 | D:1      | Found a faded altar of an unknown god.
  1181 | D:2      | Reached XP level 3. HP: 4/16 MP: 4/4
  1407 | D:2      | Reached skill level 5 in Dodging
  1518 | D:2      | Reached XP level 4. HP: 9/19 MP: 5/5
  1895 | D:3      | Found an ornate altar of the Wu Jian Council.
  2364 | D:3      | Found a radiant altar of Vehumet.
  2837 | D:4      | Found a staircase to the Ecumenical Temple.
  2849 | Temple   | Entered the Ecumenical Temple
  2862 | D:4      | Noticed a scorpion
  2874 | D:4      | Killed a scorpion
  2875 | D:4      | Reached skill level 1 in Shapeshifting
  2875 | D:4      | Reached XP level 5. HP: 13/22 MP: 6/6
  2952 | D:4      | Noticed a black bear
  3023 | D:3      | Killed a black bear
  3024 | D:3      | Reached skill level 3 in Shapeshifting
  3059 | D:4      | Gained mutation: You are covered in thick fur. (AC +2)
                  | [Felid growth]
  3059 | D:4      | Reached XP level 6. HP: 26/26 MP: 7/7
  3175 | D:4      | Reached skill level 4 in Shapeshifting
  3857 | D:4      | Reached skill level 5 in Shapeshifting
  3975 | D:4      | Killed from afar by an orc priest
  4014 | D:4      | Reached XP level 7. HP: 31/31 MP: 8/8
  4261 | D:5      | Entered Level 5 of the Dungeon
  4342 | D:5      | Slain by a centaur
  4524 | D:5      | Noticed a hornet
  4536 | D:5      | Reached skill level 6 in Shapeshifting
  4582 | D:5      | HP: 2/46 [hornet (15)]
  4582 | D:5      | Paralysed by a hornet for 1 turns
  4582 | D:5      | Slain by a hornet
  4659 | D:5      | Killed a hornet
  4660 | D:5      | Reached skill level 7 in Shapeshifting
  4738 | D:5      | Shot with an arrow by a centaur

Illustrated notes

Levels and vault maps discovered:
D:1:      scummos_arrival_simple_fountains, layout_loops_corners,
          ebering_ecumenical_altar_box, minmay_tetromino_t4
D:2:      layout_basic, hex_tiny, minmay_misc_feat_plants
D:3:      layout_basic, mainiacjoe_overflow_alcove_2,
          pdpol_wu_jian_five_deadly_venoms
D:4:      layout_basic, minmay_temple_entry_nine_rooms,
          kennysheep_generic_room_3
D:5:      layout_cave_pools, minmay_misc_feat_encased, glass_columns_a,
          minmay_misc_feat_ornament, chequers_jeans, water_boxes_lemuel
Temple:   nicolae_temple_no_exploring_needed

Skill      XL: |  1  2  3  4  5  6  7 |
---------------+----------------------+-----
Fighting       | 2 3 |  3.7
Unarmed Combat | 1 2 |  2.0
Dodging        | 4 5 6 |  6.0
Shapeshifting  | 1 3 5 7 |  7.0
Stealth        | |  1.3
Evocations     | |  3.2

Action                     |  1- 3 |  4- 6 |  7- 9 || total
---------------------------+-------+-------+-------++-------
  Melee: Unarmed           |   153 |   158 |    50 ||   361
         Bite              |    21 |    21 |    12 ||    54
         Punch             |     2 |     3 |     1 ||     6
  Evoke: Wand              |     5 |    15 |     3 ||    23
    Use: Potion            |       |     2 |     4 ||     6
         Scroll            |       |     4 |     1 ||     5
   Stab: Sleeping          |     3 |     5 |       ||     8
         Distracted        |       |     1 |     1 ||     2
 Armour: Skin              |    36 |    41 |    33 ||   110
  Dodge: Dodged            |   130 |   121 |    57 ||   308
   Form: Flux              |       |       |     1 ||     1

Table legend: (Time is in decaauts)
 A = Elapsed time spent in this place.
 B = Non-inter-level travel time spent in this place.
 C = Inter-level travel time spent in this place.
 D = Time resting spent in this place.
 E = Time spent auto-exploring this place.
 F = Levels seen in this place.
 G = Mean time per level.
                   A        B        C        D        E       F      G
               +--------+--------+--------+--------+--------+-----+--------+
         Total |   4112 |   3684 |    428 |    900 |   1622 |   6 |  685.3 |
       Dungeon |   4105 |   3677 |    428 |    900 |   1622 |   5 |  821.0 |
        Temple |      7 |      7 |      0 |      0 |      0 |   1 |    7.0 |
               +--------+--------+--------+--------+--------+-----+--------+

Top non-repeatable levels by time:
     D:4: 1386 daAuts
     D:1: 956 daAuts
     D:3: 833 daAuts
     D:2: 663 daAuts
     D:5: 263 daAuts
  Temple: 7 daAuts
